 Dungeon Crawl Stone Soup version 0.31.0-32-g396128a36d (webtiles) character file.

Game seed: 114856048378889435

3 hawla the Shield-Bearer (level 1, 0/19 HPs)
             Began as a Minotaur Fighter on Mar 10, 2024.
             Slain by a goblin
             ... wielding a +0 club
              (2 damage)
             ... on level 1 of the Dungeon.
             The game lasted 00:00:42 (97 turns).

hawla the Shield-Bearer (Minotaur Fighter)            Turns: 97, Time: 00:00:42

Health: 0/19       AC:  6    Str: 20    XL:     1   Next: 41%
Magic:  0/0        EV:  9    Int:  5    God:
Gold:   0          SH:  4    Dex:  9    Spells: 0/0 levels left

rFire   . . .        a - +0 long sword
rCold   . . .        c - +0 buckler
rNeg    . . .        b - +0 scale mail
rPois   .            (helmet restricted)
rElec   .            (no cloak)
rCorr   .            (no gloves)
SInv    .            (no boots)
Will    .....        (no amulet) Stlth
                     (no ring)
HPRegen 0.23/turn    (no ring)
MPRegen 0.07/turn

%: no passive effects
@: mighty
A: horns 2, retaliatory headbutt
a: no special abilities


You were on level 1 of the Dungeon.
You visited 1 branch of the dungeon, and saw 1 of its levels.

Inventory:

Hand Weapons
 a - a +0 long sword (weapon)
Armour
 b - a +0 scale mail (worn)
 c - a +0 buckler (worn)


   Skills:
 - Level 3.6 Fighting
 - Level 2.4 Long Blades
 - Level 3.6 Armour
 + Level 1.0 Dodging
 - Level 3.6 Shields


You couldn't memorise any spells.
You didn't know any spells.
Your spell library was empty.

Dungeon Overview and Level Annotations

Branches:
Dungeon (1/15)

Altars:


Innate Abilities, Weirdness & Mutations

You have a pair of horns on your head.
You reflexively headbutt those who attack you in melee.


Message History

You kill the bat!
The bat barely misses you. The hobgoblin closely misses you.
The goblin hits you with a +0 club.
Your Dodging skill increases to level 1!
You hit the goblin.
The goblin is severely wounded.
The bat hits you but does no damage. The hobgoblin completely misses you.
The goblin hits you but does no damage. You block the goblin's attack.
The hobgoblin hits you but does no damage.
The endoplasm freezes you.
You are frozen.
You barely miss the goblin.
The goblin is heavily wounded.
You block the bat's attack.
The hobgoblin hits you but does no damage.
The goblin hits you but does no damage. The endoplasm barely misses you.
You closely miss the goblin. Your headbutt misses the goblin.
The goblin is heavily wounded.
The bat hits you but does no damage. You block the hobgoblin's attack.
The goblin hits you but does no damage. The endoplasm misses you.
You barely miss the goblin.
The goblin is heavily wounded.
The bat barely misses you.
The hobgoblin hits you but does no damage.
The endoplasm hits you but does no damage.
The goblin hits you with a +0 club.
You closely miss the goblin. Your headbutt misses the goblin.
The goblin is heavily wounded.
The bat hits you but does no damage. The hobgoblin barely misses you.
The endoplasm freezes you.
You are frozen.
You block the goblin's attack. The hobgoblin hits you.
The goblin hits you with a +0 club. The endoplasm freezes you.
You are frozen.
* * * LOW HITPOINT WARNING * * *
You are too injured to fight recklessly!
You are too injured to fight recklessly!
You feel very mighty all of a sudden. The bat closely misses you.
The goblin hits you with a +0 club.
You die...

###### ......>..
..#..# .##
........ . #####.
..# #...#.....
....# .##.#
#.....#..#
####.##.#.#
#....... ...##
#.#.# #.....##..
###.# #.#.#
#ggJb...# #<#.#
#.#.### #.@...#
#'#.#
#.#...###.....#
...##
#(#.#...#.#####
####.##.#.###.#.#
.#..##.##.###...#
#####.##..##..###
.....#'......##
######..#..###
..........##


You could see an endoplasm, a hobgoblin, a goblin and a bat.

Vanquished Creatures
  A ball python (D:1)
  2 bats (D:1)
3 creatures vanquished.

Notes
Turn   | Place    | Note
-------+----------+-------------------------------------------
     0 | D:1      | hawla the Minotaur Fighter began the quest for the Orb.
     0 | D:1      | Reached XP level 1. HP: 19/19 MP: 0/0
    92 | D:1      | Reached skill level 1 in Dodging
    97 | D:1      | Slain by a goblin

Illustrated notes

Levels and vault maps discovered:
D:1:      evilmike_arrival_rings, layout_rooms, minmay_heptomino_o4

Skill      XL: |  1 |
---------------+----+-----
Dodging        | 1 |  1.0
Fighting       | |  3.6
Long Blades    | |  2.4
Armour         | |  3.6
Shields        | |  3.6

Action                     || total
---------------------------++-------
  Melee: Long sword        ||    11
    Use: Potion            ||     1
 Armour: Scale mail        ||    23
  Dodge: Dodged            ||    15
  Block: Buckler           ||    10
